 Dungeon Crawl Stone Soup version 0.30-a0-883-g5ad918d77d (webtiles) character file.

Game seed: 3673526300878948323

64221 Querens the Unseen (level 14, -6/57 (70) HPs)
             Began as a Spriggan Enchanter on Mar 17, 2023.
             Was the Champion of Wu Jian.
             Shot with an arrow by a minotaur (36 damage)
             ... in a Gauntlet.
             The game lasted 01:33:31 (13988 turns).

Querens the Unseen (Spriggan Enchanter)            Turns: 13988, Time: 01:33:35

HP:   -6/57 (70)    AC:  5    Str:  8    XL:     14   Next: 71%
MP:   30/31         EV: 22    Int: 17    God:    Wu Jian [******]
Gold: 345           SH:  0    Dex: 15    Spells: 23/37 levels left

rFire   + + +      SeeInvis +    y - +1 dagger (venom)
rCold   + + +      Faith    .    (no shield)
rNeg    . . .      Spirit   .    Y - +1 robe "Pofuubya" {Fly rF+ rC++ Regen+ Dex-5}
rPois   +          Reflect  .    D - +2 hat {SInv}
rElec   .          Rampage  .    T - scarf {+Inv}
rCorr   .          NoTele   +    (gloves unavailable)
Will    ++++.                    (boots unavailable)
Stlth   +++++++                  u - amulet of magic regeneration
HPRegen 1.09/turn                Z - ring of Pugaunn {rF+ Will+ Str+4 Stlth+}
MPRegen 0.62/turn                K - ring of the Tick {rPois rF+ rC+ Will+}

@: confusing by touch, flying, very slightly contaminated, studying Polearms,
heavily drained, very quick
A: very small, no large weapons, unfitting armour, see invisible, speed 3
a: Renounce Religion, Evoke Invisibility, Wall Jump, Serpent's Lash, Heavenly
Storm


You were in a Gauntlet.
You worshipped Wu Jian.
Wu Jian was exalted by your worship.
You visited 4 branches of the dungeon, and saw 18 of its levels.
You also visited: Gauntlet.

You collected 2324 gold pieces.
You spent 1979 gold pieces at shops.

Inventory:

Hand Weapons
 s - the +8 whip "Snakebite" {venom, curare, rPois}
   (You found it on level 2 of the Lair of Beasts)

   rPois:     It protects you from poison.
 y - a +1 dagger of venom (weapon)
 H - the +5 Force Lance {heavy, knockback}
   (You found it on level 6 of the Dungeon)
 I - the +8 shortbow of Prudence {antimagic, +Blink Int+3 Dex+4}
   (You found it on level 3 of the Lair of Beasts)

   Int:       It affects your intelligence (+3).
   Dex:       It affects your dexterity (+4).
   +Blink:    It lets you blink.
 X - the +0 dagger "Nuylafus" {antimagic, rF+ Dex+5}
   (You bought it in a shop on level 2 of the Orcish Mines)

   Dex:       It affects your dexterity (+5).
   rF:        It protects you from fire.
Missiles
 b - 2 curare-tipped darts (quivered)
 r - a throwing net
Armour
 a - a +0 troll leather armour
 o - the scarf "Milluenn" {rF+ rCorr}
   (You found it in a Gauntlet)

   rF:        It protects you from fire.
   rCorr:     It protects you from acid and corrosion.
 D - a +2 hat of see invisible (worn)
 N - a scarf of repulsion
 T - a scarf of invisibility (worn)
 W - a +2 robe of fire resistance
 Y - the +1 robe "Pofuubya" (worn) {Fly rF+ rC++ Regen+ Dex-5}
   (You bought it in a shop on level 2 of the Orcish Mines)

   Dex:       It affects your dexterity (-5).
   rF:        It protects you from fire.
   rC:        It greatly protects you from cold.
   Fly:       It grants you flight.
   Regen:     It increases your rate of health regeneration.
Jewellery
 j - a ring of resist corrosion
 q - the ring "Faxu" {MP+9 Str+3 Int-3 SInv}
   (You found it in a Gauntlet)

   [ring of magical power]

   Str:       It affects your strength (+3).
   Int:       It affects your intelligence (-3).
   MP:        It affects your magic capacity (+9).
   SInv:      It lets you see invisible.
 t - a ring of flight
 u - an amulet of magic regeneration (around neck)
 v - a ring of fire
 K - the ring of the Tick (right hand) {rPois rF+ rC+ Will+}
   (You found it on level 6 of the Dungeon)

   [ring of protection from fire]

   rF:        It protects you from fire.
   rC:        It protects you from cold.
   rPois:     It protects you from poison.
   Will:      It increases your willpower.
 U - a +4 ring of protection
 Z - the ring of Pugaunn (left hand) {rF+ Will+ Str+4 Stlth+}
   (You bought it in a shop on level 2 of the Orcish Mines)

   [ring of protection from fire]

   Str:       It affects your strength (+4).
   rF:        It protects you from fire.
   Will:      It increases your willpower.
   Stlth:     It makes you more stealthy.
Wands
 h - a wand of quicksilver (5)
 z - a wand of paralysis (19)
 E - a wand of roots (12)
Scrolls
 d - 6 scrolls of poison
 e - 2 scrolls of identify
 f - 6 scrolls of fear
 k - 6 scrolls of teleportation
 m - a scroll of butterflies
 w - 6 scrolls of amnesia
 B - 6 scrolls of enchant armour
 F - 2 scrolls of immolation
 G - 2 scrolls of magic mapping
 M - a scroll of silence
 Q - 2 scrolls of enchant weapon
 S - 4 scrolls of fog
 V - 3 scrolls of blinking
Potions
 c - 3 potions of invisibility
 g - 6 potions of flight
 i - 7 potions of haste
 l - a potion of cancellation {unknown}
 n - 8 potions of heal wounds
 p - 11 potions of lignification
 x - 2 potions of resistance
 A - 9 potions of curing
 C - a potion of magic {unknown}
 J - 3 potions of mutation
 L - 10 potions of ambrosia
 O - a potion of brilliance {unknown}
 P - a potion of berserk rage {unknown}
 R - a potion of might


   Skills:
 + Level 6.9 Fighting
 - Level 12.1 Short Blades
 - Level 9.1 Dodging
 + Level 16.8 Stealth
 - Level 12.0 Spellcasting
 - Level 12.0 Hexes
 - Level 8.0 Transmutations
 + Level 15.3 Evocations


You had 23 spell levels left.
You knew the following spells:

 Your Spells              Type           Power      Damage    Failure   Level
a - Ensorcelled Hibernat  Hex/Ice        60%        N/A       1%          2
b - Confusing Touch       Hex            50%        N/A       1%          3
c - Dazzling Flash        Conj/Hex       60%        N/A       1%          3
d - Tukima's Dance        Hex            50%        N/A       1%          3
e - Wereblood             Tmut           37%        N/A       1%          2
f - Beastly Appendage     Tmut           74%        N/A       1%          1

Your spell library contained the following spells:

 Spells                   Type           Power      Damage    Failure   Level
 Spider Form              Tmut/Pois      23%        N/A       4%          3
 Ignite Poison            Fire/Tmut/Pois 19%        N/A       7%          3
 Blade Hands              Tmut           18%        N/A       7%          5
 Silence                  Hex/Air        15%        N/A       16%         5
 Summon Mana Viper        Hex/Summ       30%        N/A       16%         5
 Kindle Blastsparks       Fire/Tloc/Air  20%        2d11      21%         3
 Airstrike                Air            5%         2d(1-17)  56%         4
 Animate Armour           Summ/Erth      20%        N/A       56%         4
 Manifold Assault         Tloc           10%        N/A       56%         4
 Olgreb's Toxic Radiance  Pois           10%        N/A       56%         4
 Summon Ice Beast         Ice/Summ       10%        N/A       56%         4
 Summon Lightning Spire   Summ/Air       10%        N/A       56%         4
 Agony                    Necr           10%        N/A       88%         5
 Freezing Cloud           Conj/Ice/Air   5%         6-21      88%         5
 Lightning Bolt           Conj/Air       5%         1d17      88%         5
 Dispersal                Tloc           5%         N/A       100%        6
 Iron Shot                Conj/Erth      5%         9d2       100%        6
 Monstrous Menagerie      Summ           5%         N/A       100%        7
 Ozocubu's Refrigeration  Ice            5%         4d8       100%        7
 Disjunction              Tloc           5%         N/A       100%        8
 Ignition                 Fire           5%         3d4       100%        8


Dungeon Overview and Level Annotations

Branches:
Dungeon (10/15)            Temple (1/1) D:4            Lair (5/5) D:8
 Shoals (0/4) Lair:3        Snake (0/4) Lair:2          Orc (2/2) D:10
    Elf (0/3) Orc:2       Gauntlet (1/1)
  Slime: Lair:4-5

Altars:
Ashenzari
Cheibriados
Dithmenos
Elyvilon
Fedhas
Gozag
Hepliaklqana
Kikubaaqudgha
Makhleb
Nemelex Xobeh
Okawaru
Qazlal
Ru
Sif Muna
Trog
Uskayaw
Vehumet
Wu Jian
Xom
Yredelemnul
Zin
The Shining One

Shops:
D:5 =   D:6 ?   D:7 *?(   D:8 (   D:10 =**   Orc:1 =?   Orc:2 *[=(

Annotations:
D:3 Grinder Gauntlet 8 transporters, 3 runed translucent doors


Innate Abilities, Weirdness & Mutations

You are very small and have problems with some larger weapons.
You are too small for most types of armour.
You have supernaturally acute eyesight. (SInv)
You cover ground extremely quickly. (Speed+++)


Message History

You hit the minotaur but do no damage.
You catch the helpless minotaur completely off-guard!
You hit the minotaur but do no damage.
You catch the helpless minotaur completely off-guard!
You hit the minotaur but do no damage. The minotaur closely misses you.
The minotaur gores you but does no damage.
You hit the minotaur but do no damage.
The minotaur appears confused.
You barely miss the minotaur. You hit the minotaur but do no damage.
The minotaur is poisoned.
You lunge at the minotaur.
You hit the minotaur but do no damage.
The minotaur is lightly wounded.
You hit the minotaur but do no damage.
The minotaur looks as sick as possible!
The minotaur is lightly wounded.
You hit the minotaur.
The minotaur looks as sick as possible!
The minotaur is lightly wounded.
You strike the helpless minotaur from behind!
You skewer the minotaur like a kebab!!!
The minotaur is heavily wounded.
You flicker for a moment.
The minotaur hits you with the +9 battleaxe of Focus {heavy, Dex+7}!!!
Ouch! That really hurt!
The minotaur gores you.
You lunge at the minotaur.
You hit the minotaur.
The minotaur is heavily wounded.
The minotaur barely misses you. The minotaur misses you.
You flicker back into view.
You lunge at the minotaur.
You hit the minotaur but do no damage.
The minotaur is severely wounded.
The minotaur barely misses you. The minotaur gores you.
Casting: Confusing Touch (safe; 1% risk of failure)
Confirm with . or Enter, or press ? or * to list all spells.
Your hands begin to glow red.
You hit the minotaur but do no damage.
The minotaur is severely wounded.
The minotaur seems less confused.
The minotaur unwields the +9 battleaxe of Focus {heavy, Dex+7}.
The minotaur wields the +11 shortbow of the Queen {drain, +Blink Will+ Str-2 Dex+2}.
You sense an unholy aura.
The minotaur shoots an arrow.
The arrow hits you!!!
Ouch! That really hurt!
You die...

#..(..........#
#.##H##.##.##.#
##.##.##.##.##.##
#...............#
#.##.##.##.##.#
#.##.##.##.##.###
#.............H.#
###.##.#'###.##.#
#. #.#.###.##@#
.. ..#.#......#
#.##.##.##.##.##
#. #. #∩##.##.#
#. .. ###.....#
.# #.##.## ## ###


You could see a minotaur (very poisoned).

Vanquished Creatures
  Rupert (Lair:4)
  Gastronok (Lair:2)
  3 orc warlords
  A dire elephant (Lair:5)
  Harold (Lair:2)
  6 hydras
  2 catoblepae
  3 two-headed ogres
  A boulder beetle (D:8)
  2 orc high priests (Orc:2)
  Nergalle (Orc:1)
  Sonja (Lair:1)
  4 orc knights
  4 orc sorcerers
  A cyclops (D:8)
  2 harpies (Lair:3)
  A manticore (Lair:3)
  4 ugly things
  5 elephants (Lair:5)
  15 black mambas
  A gargoyle (D:8)
  6 cane toads
  8 rime drakes
  A rime drake (shapeshifter) (D:8)
  An efreet (D:8)
  5 komodo dragons
  A queen bee (Lair:2)
  4 polar bears
  4 trolls
  A wolf spider simulacrum (Gauntlet)
  11 blink frogs
  5 dream sheep (Lair:5)
  A centaur simulacrum (Gauntlet)
  A spriggan (Lair:1)
  8 wyverns
  46 yaks
  2 vampires
  3 steam dragons
  10 basilisks
  4 wargs
  A redback simulacrum (Gauntlet)
  A harpy simulacrum (Gauntlet)
  27 water moccasins
  25 orc warriors
  8 ice beasts
  9 ogres
  A sky beast (D:6)
  2 black bears
  10 wolves
  7 centaurs
  A phantom (D:6)
  4 kobold brigands
  12 bullfrogs
  Blork the orc (D:6)
  3 scorpions
  3 gnoll sergeants
  5 wights (D:8)
  30 killer bees
  8 howler monkeys
  4 hounds
  2 gnoll boudas
  2 jellies
  17 orc priests
  Ijyb (D:3)
  Natasha (thrice) (D:4)
  5 iguanas
  3 sleepcaps
  18 orc wizards
  9 hell rats
  14 gnolls
  9 adders
  5 white imps
  An ufetubus (D:4)
  3 worms
  4 dart slugs
  66 orcs
  3 bats
  2 endoplasms (D:1)
  6 goblins
  8 hobgoblins
  2 jackals (D:4)
  4 quokkas
  4 ball pythons
  3 frilled lizards
  13 kobolds
  7 rats
558 creatures vanquished.

Vanquished Creatures (collateral kills)
  Sigmund (D:3)
  An orc warrior (Orc:1)
  An orc priest (Orc:1)
  2 orcs
5 creatures vanquished.

Vanquished Creatures (others)
  6 dancing weapons
  A wight (D:6)
  38 fungi
  38 plants
  3 withered plants (Gauntlet)
86 creatures vanquished.

Grand Total: 649 creatures vanquished

Notes
Turn   | Place    | Note
-------+----------+-------------------------------------------
     0 | D:1      | Querens the Spriggan Enchanter began the quest for the Orb.
     0 | D:1      | Reached XP level 1. HP: 9/9 MP: 5/5
   329 | D:1      | Reached XP level 2. HP: 13/13 MP: 7/7
   480 | D:1      | Learned a level 2 spell: Ensorcelled Hibernation
   602 | D:1      | Reached XP level 3. HP: 16/16 MP: 8/8
   934 | D:2      | Reached XP level 4. HP: 16/21 MP: 2/10
  1782 | D:3      | Noticed Grinder
  1792 | D:3      | Paralysed by Grinder for 4 turns
  1822 | D:3      | Learned a level 3 spell: Confusing Touch
  1826 | D:3      | Learned a level 3 spell: Dazzling Flash
  1830 | D:3      | Learned a level 3 spell: Tukima's Dance
  1830 | D:3      | Noticed Sigmund
  1884 | D:3      | Killed Sigmund
  1885 | D:3      | Reached skill level 5 in Hexes
  1885 | D:3      | Reached XP level 5. HP: 24/24 MP: 13/13
  1885 | D:3      | Reached XP level 6. HP: 28/28 MP: 14/14
  2135 | D:3      | Noticed Ijyb
  2140 | D:3      | Killed Ijyb
  2141 | D:3      | Reached skill level 5 in Spellcasting
  2473 | D:4      | Noticed Natasha
  2477 | D:4      | Killed Natasha
  2640 | D:4      | Reached XP level 7. HP: 32/32 MP: 16/16
  2659 | D:4      | Noticed Natasha
  2665 | D:4      | Killed Natasha
  2916 | D:4      | Found a staircase to the Ecumenical Temple.
  2918 | D:4      | Noticed Natasha
  2925 | Temple   | Entered the Ecumenical Temple
  2939 | Temple   | Became a worshipper of the Wu Jian Council
  3019 | D:4      | Killed Natasha
  3148 | D:5      | Entered Level 5 of the Dungeon
  3210 | D:5      | Reached skill level 5 in Short Blades
  3439 | D:5      | Found Guepulut's Jewellery Emporium.
  3527 | D:5      | Found a glowing golden altar of the Shining One.
  3852 | D:5      | Reached XP level 8. HP: 36/36 MP: 19/19
  3988 | D:6      | Found Vekk's Magic Scroll Shop.
  3992 | D:6      | Bought a scroll of immolation for 56 gold pieces
  3992 | D:6      | Bought a scroll of identify for 28 gold pieces
  3992 | D:6      | Bought a scroll of fear for 56 gold pieces
  3992 | D:6      | Bought a scroll of magic mapping for 105 gold pieces
  4050 | D:6      | Found the +5 Force Lance {heavy, knockback}
  4094 | D:6      | Noticed Blork the orc
  4125 | D:6      | Noticed a troll
  4363 | D:6      | Killed a troll
  4368 | D:6      | Reached * piety under Wu Jian
  4369 | D:6      | Reached XP level 9. HP: 20/39 MP: 14/22
  4395 | D:6      | Identified the ring of the Tick {rPois rF+ rC+ Will+}
  4432 | D:6      | Found a runed translucent door.
  4433 | D:6      | Noticed Crazy Yiuf
  4537 | D:6      | Found a stormy altar of Qazlal.
  4571 | D:6      | Killed Blork the orc
  4780 | D:7      | Noticed a two-headed ogre
  4846 | D:7      | Killed a two-headed ogre
  4847 | D:7      | Reached skill level 10 in Spellcasting
  4847 | D:7      | Reached skill level 10 in Hexes
  4901 | D:7      | Found Fono's Weapon Shoppe.
  4932 | D:7      | Reached ** piety under Wu Jian
  4933 | D:7      | Reached XP level 10. HP: 44/44 MP: 19/25
  5013 | D:7      | Found the +6 shillelagh "Devastator" {shatter}
  5015 | D:7      | Noticed a gargoyle
  5015 | D:7      | Noticed a two-headed ogre
  5052 | D:7      | Killed a two-headed ogre
  5286 | D:7      | Found Ucedarch's Assorted Antiques.
  5300 | D:7      | Bought a scroll labelled FONU VEONWU for 32 gold pieces
  5300 | D:7      | Bought 2 fuming clear potions for 57 gold pieces
  5483 | D:7      | Found Nyseor's Magic Scroll Shoppe.
  5590 | D:7      | Reached skill level 5 in Stealth
  5700 | D:8      | Reached skill level 10 in Short Blades
  5753 | D:8      | Found a staircase to the Lair.
  5753 | D:8      | Identified the +6 falchion of Evisceration {flame, rPois
                  | Will++}
  5834 | D:8      | Reached *** piety under Wu Jian
  5889 | D:8      | Learned a level 2 spell: Wereblood
  5891 | D:8      | Learned a level 1 spell: Beastly Appendage
  5983 | D:8      | Reached skill level 1 in Transmutations
  6006 | D:8      | Reached skill level 6 in Stealth
  6017 | D:8      | Noticed a red ugly thing
  6020 | D:8      | Noticed a green ugly thing
  6023 | D:8      | Noticed a cyan ugly thing
  6029 | D:8      | Killed a cyan ugly thing
  6035 | D:8      | Killed a green ugly thing
  6038 | D:8      | Noticed a cyclops
  6039 | D:8      | Killed a green ugly thing
  6040 | D:8      | Reached XP level 11. HP: 47/47 MP: 23/27
  6051 | D:8      | Reached skill level 5 in Dodging
  6051 | D:8      | Reached skill level 7 in Stealth
  6071 | D:8      | Noticed a boulder beetle
  6099 | D:8      | Killed a boulder beetle
  6404 | D:8      | Reached **** piety under Wu Jian
  6519 | D:8      | Reached skill level 8 in Stealth
  6561 | D:8      | Found Fixkag's Firing Range.
  6819 | D:9      | Noticed a two-headed ogre
  6825 | D:9      | Killed a two-headed ogre
  6826 | D:9      | Reached skill level 5 in Transmutations
  6883 | D:9      | Reached skill level 9 in Stealth
  7033 | D:9      | Found a broken altar of Ashenzari.
  7223 | D:10     | Entered Level 10 of the Dungeon
  7238 | D:10     | Found Ywko's General Store.
  7240 | D:10     | Found Xiojomakh's Assorted Antiques.
  7273 | D:10     | Bought a scroll of noise for 13 gold pieces
  7310 | D:10     | Bought a ruby potion for 21 gold pieces
  7310 | D:10     | Bought a scroll of identify for 48 gold pieces
  7310 | D:10     | Bought a fizzy silvery potion for 21 gold pieces
  7310 | D:10     | Bought a scroll of identify for 48 gold pieces
  7461 | D:10     | Reached skill level 10 in Stealth
  7463 | D:10     | Reached XP level 12. HP: 41/51 MP: 20/29
  7565 | D:10     | Found a staircase to the Orcish Mines.
  7711 | D:10     | Found Liqigod's Jewellery Shop.
  7942 | Orc:1    | Entered Level 1 of the Orcish Mines
  7957 | Orc:1    | Found Luasium's Jewellery Emporium.
  7980 | Orc:1    | Noticed Nergalle
  7986 | Orc:1    | Killed Nergalle
  7987 | Orc:1    | Reached skill level 1 in Evocations
  8020 | Orc:1    | Noticed an orc warlord
  8046 | Orc:1    | Noticed an orc warlord
  8083 | Orc:1    | Reached ***** piety under Wu Jian
  8156 | Orc:1    | Killed an orc warlord
  8267 | Orc:1    | Found Halie's Magic Scroll Boutique.
  8275 | Orc:1    | Bought a scroll of blinking for 90 gold pieces
  8434 | Orc:1    | Reached skill level 11 in Stealth
  8496 | Orc:1    | Killed an orc warlord
  8605 | Orc:1    | Bought a scroll of blinking for 90 gold pieces
  8619 | Orc:2    | Entered Level 2 of the Orcish Mines
  9025 | Orc:2    | Found a staircase to the Elven Halls.
  9027 | Orc:2    | Noticed an orc high priest
  9248 | Orc:2    | Noticed an orc high priest
  9252 | Orc:2    | Noticed an orc warlord
  9297 | Orc:2    | Killed an orc warlord
  9298 | Orc:2    | Reached skill level 1 in Fighting
  9298 | Orc:2    | Reached skill level 5 in Evocations
  9465 | Orc:2    | Reached skill level 12 in Stealth
  9580 | Orc:2    | Killed an orc high priest
  9666 | Orc:2    | Killed an orc high priest
  9786 | Orc:2    | Found Imotoas's General Store.
  9842 | Orc:2    | Found Sericwer's Antique Armour Shop.
  9849 | Orc:2    | Found Otwunko's Antique Weapon Shop.
  9900 | Orc:2    | Found Irurer's Jewellery Shop.
  9927 | Orc:2    | Reached XP level 13. HP: 59/59 MP: 26/30
 10054 | Orc:2    | Bought a polished dagger for 224 gold pieces
 10054 | Orc:2    | Identified the +0 dagger "Nuylafus" {antimagic, rF+ Dex+5}
                  | (You bought it in a shop on level 2 of the Orcish Mines)
 10070 | Orc:2    | Bought an ancient robe for 119 gold pieces
 10070 | Orc:2    | Identified the +1 robe "Pofuubya" {Fly rF+ rC++ Regen+
                  | Dex-5} (You bought it in a shop on level 2 of the Orcish
                  | Mines)
 10086 | Orc:2    | Bought a potion of haste for 120 gold pieces
 10086 | Orc:2    | Bought a potion of curing for 36 gold pieces
 10094 | Orc:2    | Bought a potion of mutation for 96 gold pieces
 10094 | Orc:2    | Bought a potion of lignification for 36 gold pieces
 10110 | Orc:2    | Bought the ring of Pugaunn {rF+ Will+ Str+4 Stlth+} for 683
                  | gold pieces
 10305 | Lair:1   | Entered Level 1 of the Lair of Beasts
 10459 | Lair:1   | Noticed Sonja
 10469 | Lair:1   | Killed Sonja
 10472 | Lair:1   | Reached skill level 13 in Stealth
 10814 | Lair:1   | You fall into a shaft and drop 1 floor!
 10814 | Lair:2   | Noticed Harold
 10850 | Lair:2   | Reached ****** piety under Wu Jian
 10892 | Lair:2   | Reached skill level 10 in Evocations
 10971 | Lair:2   | Killed Harold
 10987 | Lair:2   | Identified the +4 spear "Huoneqin" {freeze, Will+}
 11118 | Lair:2   | Reached skill level 14 in Stealth
 11211 | Lair:2   | Found the +8 whip "Snakebite" {venom, curare, rPois}
 11325 | Lair:2   | Noticed Gastronok
 11393 | Lair:2   | Found a staircase to the Snake Pit.
 11632 | Lair:2   | Killed Gastronok
 11633 | Lair:2   | Reached skill level 5 in Fighting
 11863 | Lair:3   | Identified the +8 shortbow of Prudence {antimagic, +Blink
                  | Int+3 Dex+4}
 11989 | Lair:3   | Reached skill level 15 in Stealth
 12028 | Lair:3   | Found a staircase to the Shoals.
 12045 | Lair:3   | Reached XP level 14. HP: 68/68 MP: 29/31
 12531 | Lair:4   | Noticed Rupert
 12925 | Lair:4   | Killed Rupert
 12944 | Lair:5   | Entered Level 5 of the Lair of Beasts
 13004 | Lair:5   | Reached skill level 16 in Stealth
 13277 | Lair:5   | Reached skill level 15 in Evocations
 13451 | Lair:5   | Found a gate leading to a gauntlet.
 13485 | Gauntlet | Entered a Gauntlet
 13485 | Gauntlet | Found a transporter.
 13490 | Gauntlet | Found a transporter.
 13493 | Gauntlet | Found a transporter.
 13493 | Gauntlet | Found a transporter.
 13496 | Gauntlet | Found a transporter.
 13497 | Gauntlet | Found a transporter.
 13508 | Gauntlet | Found a transporter.
 13525 | Gauntlet | Noticed a balrug
 13528 | Gauntlet | Found a transporter.
 13536 | Gauntlet | Found a runed translucent gate.
 13537 | Gauntlet | Found a transporter.
 13537 | Gauntlet | Found a transporter.
 13537 | Gauntlet | Found a runed translucent gate.
 13540 | Gauntlet | Found a runed translucent gate.
 13542 | Gauntlet | Found a transporter.
 13606 | Gauntlet | Found a transporter.
 13740 | Gauntlet | Identified the ring "Faxu" {MP+9 Str+3 Int-3 SInv}
 13775 | Gauntlet | Identified the scarf "Milluenn" {rF+ rCorr}
 13815 | Gauntlet | Identified the +9 battleaxe of Focus {heavy, Dex+7}
 13815 | Gauntlet | Identified the +11 shortbow of the Queen {drain, +Blink
                  | Will+ Str-2 Dex+2}
 13855 | Gauntlet | HP: 3/63 [minotaur/the +9 battleaxe of Focus {heavy, Dex+7}
                  | (60)]
 13988 | Gauntlet | Shot with an arrow by a minotaur

Illustrated notes

Levels and vault maps discovered:
D:1:      dpeg_arrival_solitude, layout_loops_ring, nicolae_grassy_gnolls
D:2:      layout_loops_ring, kennysheep_generic_room_8
D:3:      layout_basic, minmay_goblin_outpost, uniq_sigmund, uniq_ijyb,
          uniq_grinder
D:4:      layout_loops_ring, minmay_temple_entry_statues_fountains,
          grunt_ministairs_9, kennysheep_generic_room_13, uniq_natasha
D:5:      layout_basic, lemuel_round_altar, serial_shops,
          nicolae_shop_hallway_plus, minmay_misc_feat_cross
D:6:      layout_basic, mainiacjoe_overflow_chevrons, serial_shops, shop,
          minmay_manual_mess, uniq_crazy_yiuf_cottage, uniq_blork_the_orc
D:7:      cheibrodos_fzero, layout_loops_corners, serial_shops, kennysheep_mini,
          nicolae_shop_competitors_out_of_business, shop_fountains,
          dilly_guarded_unrand_devastator
D:8:      hangedman_cross_veins, layout_gridville, hellmonk_lair_entry_icy,
          hangedman_decor_slide_cut, nicolae_shop_firing_range
D:9:      layout_rooms, amcnicky_altar_gilded
D:10:     layout_basic, david_orc_2, serial_shops,
          nicolae_shop_temple_entry_statues_fountains, shop, shop,
          minmay_misc_feat_x
Temple:   nicolae_temple_bog_church
Lair:1:   layout_small_grid, grunt_forest_large_clearing_hut,
          serial_bayou_shore_b, uniq_sonja
Lair:2:   minmay_guarded_unrand_snakebite, layout_long_grid,
          minmay_snake_entry_six_corridors, special_room [special_room_bee],
          uniq_gastronok, uniq_harold
Lair:3:   layout_misc_corridors, nicolae_shoals_entry_roost, special_room
          [special_room_mythical_zoo]
Lair:4:   layout_roguey, uniq_rupert
Lair:5:   hangedman_lair_in_review, layout_cave_pods, slime_entry_1,
          gauntlet_entry_generic
Orc:1:    layout_caves, serial_shops, nicolae_shop_hallway_stairs,
          nicolae_shop_stone, uniq_nergalle
Orc:2:    grunt_orc_cross, layout_caves
Gauntlet: minmay_gauntlet_mixed_oops_all_seconds
          [minmay_gauntlet_arena_77_checkered, nicolae_gauntlet_arena_t_cross,
          minmay_gauntlet_arena_77_run_for_it,
          gammafunk_gauntlet_arena_chambers, minmay_gauntlet_arena_77_museum,
          nicolae_gauntlet_arena_x, gauntlet_exit_green]

Skill      XL: |  1  2  3  4  5  6  7  8  9 10 11 12 13 14 |
---------------+-------------------------------------------+-----
Spellcasting   | 3 4 5 6 8 10 11 12 | 12.0
Hexes          | 4 5 6 7 9 10 11 12 | 12.0
Short Blades   | 2 3 4 5 7 9 10 11 12 | 12.1
Dodging        | 4 7 9 |  9.1
Stealth        | 6 10 12 15 16 | 16.8
Transmutations | 2 6 8 |  8.0
Evocations     | 7 12 15 | 15.3
Fighting       | 2 5 6 |  6.9

Action                     |  1- 3 |  4- 6 |  7- 9 | 10-12 | 13-15 || total
---------------------------+-------+-------+-------+-------+-------++-------
  Melee: Dagger            |    61 |   128 |   204 |   561 |   547 ||  1501
         Punch             |       |     1 |     5 |     9 |     4 ||    19
         Shillelagh        |       |       |       |     2 |       ||     2
  Throw: Dart              |       |       |       |       |     4 ||     4
   Cast: Ensorcelled Hiber |     9 |    16 |    70 |   240 |   221 ||   556
         Tukima's Dance    |       |     3 |     9 |    24 |     2 ||    38
         Confusing Touch   |       |       |    15 |    27 |    43 ||    85
         Dazzling Flash    |       |       |       |     5 |    28 ||    33
         Wereblood         |       |       |       |       |     1 ||     1
Ability: Lunge             |       |       |    26 |    77 |    66 ||   169
         Whirlwind         |       |       |     6 |    24 |    23 ||    53
         Evoke Invisibilit |       |       |       |       |     2 ||     2
  Evoke: Wand              |       |       |       |       |     2 ||     2
    Use: Scroll            |       |       |       |    12 |     4 ||    16
         Potion            |       |       |       |       |     2 ||     2
   Stab: Sleeping          |    12 |    16 |    47 |   140 |   143 ||   358
         Distracted        |       |     1 |     1 |       |     1 ||     3
         Confused          |       |       |    12 |    23 |    33 ||    68
         Invisible         |       |       |       |     8 |    25 ||    33
 Armour: Robe              |     4 |     7 |     9 |       |     4 ||    24
         Troll leather arm |       |       |     6 |    42 |    43 ||    91
  Dodge: Dodged            |    38 |    77 |    79 |   293 |   513 ||  1000
         Repelled          |       |       |       |     1 |       ||     1

Table legend: (Time is in decaauts)
 A = Elapsed time spent in this place.
 B = Non-inter-level travel time spent in this place.
 C = Inter-level travel time spent in this place.
 D = Time resting spent in this place.
 E = Time spent auto-exploring this place.
 F = Levels seen in this place.
 G = Mean time per level.
                   A        B        C        D        E       F      G
               +--------+--------+--------+--------+--------+-----+--------+
         Total |   9020 |   8368 |    652 |     66 |      0 |  19 |  474.7 |
       Dungeon |   5105 |   4574 |    531 |      0 |      0 |  10 |  510.5 |
        Temple |     51 |     51 |      0 |      0 |      0 |   1 |   51.0 |
          Lair |   2060 |   2024 |     36 |     14 |      0 |   5 |  412.0 |
  Orcish Mines |   1462 |   1377 |     85 |      4 |      0 |   2 |  731.0 |
      Gauntlet |    341 |    341 |      0 |     47 |      0 |   1 |  341.0 |
               +--------+--------+--------+--------+--------+-----+--------+

Top non-repeatable levels by time:
   Orc:2: 1001 daAuts
     D:7: 748 daAuts
     D:8: 624 daAuts
  Lair:2: 598 daAuts
     D:3: 549 daAuts
     D:6: 515 daAuts
     D:1: 515 daAuts
     D:4: 510 daAuts
     D:5: 467 daAuts
   Orc:1: 461 daAuts
  Lair:3: 451 daAuts
    D:10: 451 daAuts
     D:2: 403 daAuts
  Lair:1: 385 daAuts
  Lair:5: 355 daAuts
